 Dungeon Crawl Stone Soup version 0.29-a0-541-gaf1fc19f1b (webtiles) character file.

Game seed: 164386780893731447

41 rabbitsville the Skirmisher (level 3, -1/31 HPs)
             Began as a Palentonga Abyssal Knight on June 2, 2022.
             Was a Priest of Lugonu.
             Slain by an orc
             ... wielding a +0 whip
              (5 damage)
             ... on level 3 of the Dungeon.
             The game lasted 00:07:44 (2317 turns).

rabbitsville the Skirmisher (PaAK)                  Turns: 2317, Time: 00:07:44

Health: -1/31      AC:  5    Str: 16    XL:     3   Next: 32%
Magic:  13/14      EV:  8    Int: 10    God:    Lugonu [***...]
Gold:   65         SH:  3    Dex: 12    Spells: 2/2 levels left

rFire   + . .      SeeInvis +   a - +1 falchion
rCold   + . .      Faith    .   g - +0 buckler
rNeg    . . .      Spirit   .   b - +0 leather armour
rPois   .          Reflect  .   (no helmet)
rElec   .          Harm     .   c - scarf {rC+ rF+}
rCorr   .          Rampage  .   j - +0 pair of gloves
Will    .....                   (no barding)
Stlth   +.........              (no amulet)
HPRegen 0.10/turn               l - ring of flight
MPRegen 0.14/turn               m - ring of magical power

@: flying
A: large, rugged brown scales 3, see invisible, deformed body, roll 1, armoured
tail
a: Rolling Charge, Renounce Religion, Depart the Abyss, Bend Space, Banish


You were on level 3 of the Dungeon.
You worshipped Lugonu.
Lugonu was most pleased with you.
You visited 1 branch of the dungeon, and saw 3 of its levels.
You visited the Abyss 1 time.

You collected 65 gold pieces.

Inventory:

Hand Weapons
 a - a +1 falchion (weapon)
Armour
 b - a +0 leather armour (worn)
 c - a scarf of resistance (worn)
 e - a +0 ring mail
 g - a +0 buckler (worn)
 j - a +0 pair of gloves (worn)
Jewellery
 l - a ring of flight (left hand)
 m - a ring of magical power (right hand)
 p - a ring of fire
Scrolls
 h - a scroll of fog {unknown}
 i - a scroll of fear {unknown}
 k - a scroll of vulnerability {unknown}
 o - a scroll of blinking {unknown}
Potions
 d - a potion of cancellation {unknown}
 f - a potion of might {unknown}
 n - a potion of brilliance {unknown}


   Skills:
 + Level 3.3 Fighting
 * Level 2.8 Long Blades
 - Level 1.5 Armour
 - Level 0.7 Dodging
 * Level 2.9 Invocations


You had 2 spell levels left.
You didn't know any spells.
Your spell library contained the following spells:

 Spells                   Type           Power      Damage    Failure   Level
 Apportation              Tloc           0%         N/A       52%         1
 Necrotize                Necr           0%         1d4       52%         1
 Summon Small Mammal      Summ           0%         N/A       52%         1
 Blink                    Tloc           0%         N/A       65%         2
 Lesser Beckoning         Tloc           0%         N/A       87%         3
 Manifold Assault         Tloc           0%         N/A       100%        5


Dungeon Overview and Level Annotations

Branches:
Dungeon (3/15)

Altars:


Innate Abilities, Weirdness & Mutations

You are completely covered in rugged brown scales. (AC +3, +7% HP)
You have supernaturally acute eyesight. (SInv)
Armour fits poorly on your strangely shaped body.
You can roll at nearby foes to attack.
You have a long armoured tail.


Message History

o - a scroll labelled SIVERA XIU;
p - a ring of fire A rat comes into view.
Found a whip.
You roll forward with a clatter of scales!
You barely miss the rat. The rat barely misses you.
You hit the rat.
You kill the rat!
Lugonu accepts your kill.
An orc comes into view. It is wielding a +0 hand axe.
The orc shouts!
You hear an angry hiss.
You roll forward with a clatter of scales!
You hit the orc.
The orc is heavily wounded.
You hear a shout!
The orc hits you with a +0 hand axe.
You hit the orc.
You kill the orc!
Lugonu accepts your kill.
You see here a +0 hand axe.
An orc comes into view. It is wielding a +0 flail.
You roll forward with a clatter of scales!
You slash the orc!
You kill the orc!
Lugonu accepts your kill.
You hear an angry hiss.
You hear a shout!
An iguana comes into view.
You roll forward with a clatter of scales! 2 orcs and an orc wizard come into view.
You hit the iguana but do no damage.
The iguana bites you but does no damage.
Things that are here:
a +0 flail; an orc corpse You see here a +0 hand axe.
The iguana attacks as you move away! The iguana bites you!
The iguana attacks as you move away! The iguana barely misses you.
The iguana attacks as you move away! The iguana bites you!
* * * LOW HITPOINT WARNING * * *
The iguana hisses menacingly.
Space bends violently around you!
You blink.
The orc hits you with a +0 whip.
You die...

### ..# #o# #o# #.#
#.# ##.##
#############)..#
####...@.o...)...#.#
........o#######..)#
####.###.# ##.## ..
#o# .# ## #.# .# #l#
.# #ยง# .# #.### .#
#...# .#


You could see an iguana, an orc wizard and 2 orcs.

Vanquished Creatures
  A worm (D:2)
  2 orcs (D:3)
  6 endoplasms
  3 goblins (D:1)
  6 hobgoblins
  3 jackals (D:2)
  2 ball pythons
  5 bats
  A frilled lizard (D:1)
  3 rats
32 creatures vanquished.

Notes
Turn   | Place    | Note
-------+----------+-------------------------------------------
     0 | Abyss:1  | rabbitsville the Palentonga Abyssal Knight began the quest
                  | for the Orb.
     0 | Abyss:1  | Reached XP level 1. HP: 19/19 MP: 2/2
    42 | Abyss:1  | Found a corrupted altar of Lugonu.
    58 | D:1      | Escaped the Abyss
   526 | D:1      | Reached XP level 2. HP: 25/25 MP: 3/3
  1700 | D:2      | Reached *** piety under Lugonu
  1701 | D:2      | Reached XP level 3. HP: 31/31 MP: 5/5
  2235 | D:3      | Found a faded altar of an unknown god.
  2317 | D:3      | Slain by an orc

Illustrated notes

Levels and vault maps discovered:
D:1:      dpeg_arrival_chambers_temple_mockup, layout_basic
D:2:      layout_loops_corners, minmay_tetromino_l2
D:3:      layout_loops_ring, lemuel_coloured_pillars_altar,
          hellmonk_ecumenical_altar_heavens_door, uniq_jessica

Action                   || total
-------------------------++-------
Melee: Falchion          ||   103
       Tailslap          ||     8
       Punch             ||     1
Invok: Bend Space        ||     1
 Abil: Rolling Charge    ||    28
Armor: Leather armour    ||    35
Dodge: Dodged            ||    46
Block: Buckler           ||     6

Table legend: (Time is in decaauts)
 A = Elapsed time spent in this place.
 B = Non-inter-level travel time spent in this place.
 C = Inter-level travel time spent in this place.
 D = Time resting spent in this place.
 E = Time spent auto-exploring this place.
 F = Levels seen in this place.
 G = Mean time per level.
                   A        B        C        D        E       F      G
               +--------+--------+--------+--------+--------+-----+--------+
         Total |   2335 |   2293 |     42 |      0 |   1846 |   4 |  583.8 |
       Dungeon |   2277 |   2235 |     42 |      0 |   1846 |   3 |  759.0 |
         Abyss |     58 |     58 |      0 |      0 |      0 |   1 |   58.0 |
               +--------+--------+--------+--------+--------+-----+--------+

Top non-repeatable levels by time:
     D:2: 1161 daAuts
     D:1: 990 daAuts
     D:3: 125 daAuts
 Abyss:1: 58 daAuts
